 Dungeon Crawl Stone Soup version 0.14.0-17-gc0b17a5 (webtiles) character file.

221 oshikia the Ruffian (level 4, -2/25 HPs)
             Began as a Gargoyle Transmuter on Apr 18, 2014.
             Slain by an adder (3 damage)
             ... on Level 3 of the Dungeon.
             The game lasted 00:04:41 (1404 turns).

oshikia the Ruffian (Gargoyle Transmuter)           Turns: 1404, Time: 00:04:41

HP  -2/25        AC  7     Str 13      XL: 4   Next: 33%
MP   7/8         EV 12     Int 14      God:
Gold 144         SH  0     Dex 11      Spells:  2 memorised,  4 levels left

rFire  . . .     SeeInvis .       - Unarmed
rCold  . . .     Clarity  .     c - +0 robe
rNeg   + . .     Conserve .     (no shield)
rPois  +         rCorr    +     (helmet restricted)
rElec  +         rRot     +     (no cloak)
SustAb . .       Spirit   .     (no gloves)
rMut   .         Warding  .     r - +1 pair of boots
Saprov . . .     Stasis   .     j - amulet of resist corrosion {unknown}
MR     .....                    (no ring)
                                (no ring)

@: appendage, not resistant to hostile enchantments, unstealthy
A: horns 2, life protection 1, electricity resistance, unbreathing,
petrification resistance, AC +3
a: End Transformation


You were on level 3 of the Dungeon.
You were not hungry.
You had grown temporary horns.
You visited 1 branch of the dungeon, and saw 3 of its levels.

You collected 144 gold pieces.

Inventory:

Missiles
 b - 12 arrows
Armour
 c - a +0 robe (worn)
 r - a +1 pair of boots (worn)
Comestibles
 a - 2 bread rations
 l - 2 meat rations
 o - a lemon
Scrolls
 e - 2 scrolls of identify {unknown}
 f - 3 scrolls of remove curse {unknown}
 g - a scroll of fear {unknown}
 i - a scroll of immolation {unknown}
 n - 2 scrolls of teleportation {unknown}
 q - a scroll of blinking {unknown}
Jewellery
 j - an amulet of resist corrosion (around neck) {unknown}
Potions
 h - a potion of paralysis {unknown}
 k - 2 potions of restore abilities
 m - a potion of curing {unknown}
 p - 2 potions of agility {unknown}
Books
 d - a book of Changes

   Spells                             Type                      Level
   *Beastly Appendage                 Transmutation                1
   Sticks to Snakes                   Transmutation                2
   *Spider Form                       Transmutation/Poison         3
   Ice Form                           Ice/Transmutation            4
   Blade Hands                        Transmutation                5


   Skills:
 + Level 1.5 Fighting
 + Level 2.3 Dodging
 + Level 3.8 Unarmed Combat
 + Level 2.7 Spellcasting
 * Level 2.0 Transmutations


You had 4 spell levels left.
You knew the following spells:

 Your Spells              Type           Power        Failure   Level  Hunger
a - Beastly Appendage     Trmt           #.....       12%         1    #......
b - Spider Form           Trmt/Pois      #.........   47%         3    ####...


Dungeon Overview and Level Annotations

Branches:
Dungeon (3/15)

Altars:
Yredelemnul


Innate Abilities, Weirdness & Mutations

You are resistant to torment.
You are immune to poison.
You are immune to rotting.
Your stone body is very resilient (AC +3).*
You resist negative energy.
You are resistant to electric shocks.*
You can survive without breathing.*
You are immune to petrification.
You have a pair of horns on your head.*


Message History

The adder closely misses you. The hobgoblin barely misses you.
You miss the adder. You headbutt the adder.
The adder is severely wounded.
Your horns disappear.
The adder misses you. The hobgoblin barely misses you.
You barely miss the hobgoblin. The adder closely misses you.
Casting: Beastly Appendage
Confirm with . or Enter, or press ? or * to list all spells.
You grow a pair of large bovine horns.
The adder bites you.
* * * LOW HITPOINT WARNING * * *
The hobgoblin closely misses you. The adder bites you but does no damage.
You hit the adder.
The adder is almost dead.
The hobgoblin hits you with a club.
* * * LOW HITPOINT WARNING * * *
The adder misses you.
Drink which item? (? for menu, Esc to quit)
You feel refreshed.
It was a potion of restore abilities.
The hobgoblin completely misses you. The adder bites you.
You die...

...
.......#
......##
.......
.....#
..../###
#.$....
#gS.#
#@).#
#)........
....#####
.....#
......#
.......#
.........
######.##


You could see an adder and a hobgoblin.

Vanquished Creatures
  2 adders (D:2)
  A giant mite (D:1)
  3 orcs (D:3)
  A giant cockroach (D:1)
  6 goblins
  8 hobgoblins
  A quokka (D:2)
  8 bats
  2 giant newts
  6 jackals (D:2)
  3 kobolds (D:2)
  8 rats
49 creatures vanquished.

Notes
Turn   | Place    | Note
--------------------------------------------------------------
     0 | D:1      | oshikia, the Gargoyle Transmuter, began the quest for the Orb.
     0 | D:1      | Reached XP level 1. HP: 12/12 MP: 3/3
   256 | D:1      | Reached XP level 2. HP: 16/16 MP: 4/4
   384 | D:1      | Reached XP level 3. HP: 20/20 MP: 6/6
   611 | D:2      | Learned a level 3 spell: Spider Form
   745 | D:2      | Found a basalt altar of Yredelemnul.
  1150 | D:2      | Reached XP level 4. HP: 15/25 MP: 6/8
  1403 | D:3      | HP: 1/25 [hobgoblin/club (5)]
  1404 | D:3      | Slain by an adder

Action                   |  1- 3 |  4- 6 || total
-------------------------+-------+-------++-------
Melee: Unarmed           |   160 |    38 ||   198
 Cast: Beastly Appendage |    12 |     5 ||    17
  Use: Potion            |       |     1 ||     1
